 Dungeon Crawl Stone Soup version 0.21.1 (webtiles) character file.

382 shakethe the Chopper (level 6, 0/57 HPs)
             Began as a Minotaur Fighter on Feb 5, 2018.
             Killed from afar by an orc wizard (7 damage)
             ... with a puff of flame
             ... on level 3 of the Dungeon.
             The game lasted 00:05:48 (1689 turns).

shakethe the Chopper (Minotaur Fighter)             Turns: 1689, Time: 00:05:50

Health: 0/57       AC:  6    Str: 25    XL:     6   Next: 47%
Magic:  5/5        EV:  9    Int:  5    God:
Gold:   137        SH:  0    Dex: 12    Spells: 5/5 levels left

rFire    . . .     SeeInvis .   a - +0 war axe
rCold    . . .     Gourm    .   (no shield)
rNeg     . . .     Faith    .   b - +0 scale mail
rPois    .         Spirit   .   (helmet restricted)
rElec    .         Reflect  .   (no cloak)
rCorr    .         Harm     .   (no gloves)
MR       .....                  (no boots)
Stlth    ..........             (no amulet)
HPRegen  0.19/turn              (no ring)
MPRegen  0.09/turn              (no ring)

@: mighty, slowed, very slow
A: retaliatory headbutt, horns 2
a: no special abilities


You were on level 3 of the Dungeon.
You were not hungry.

You visited 1 branch of the dungeon, and saw 4 of its levels.

You collected 137 gold pieces.

Inventory:

Hand Weapons
 a - a +0 war axe (weapon)
Armour
 b - a +0 scale mail (worn)
 c - a +0 shield
Jewellery
 j - an uncursed ring of protection from cold {unknown}
Wands
 r - a wand of acid (5)
 s - a wand of random effects (31)
Scrolls
 e - a scroll of blinking {unknown}
 g - a scroll of magic mapping {unknown}
 h - a scroll of immolation {unknown}
 i - 2 scrolls of enchant armour {unknown}
 k - 2 scrolls of remove curse {unknown}
 l - 6 scrolls of identify {unknown}
 p - 2 scrolls of teleportation {unknown}
 q - a scroll of fear {unknown}
 t - a scroll of enchant weapon {unknown}
Potions
 m - 2 potions of heal wounds {unknown}
 o - a potion of invisibility {unknown}
Comestibles
 f - 4 rations


   Skills:
 + Level 5.7 Fighting
 * Level 7.1 Axes
 - Level 3.6 Armour
 - Level 3.6 Shields


You had 5 spell levels left.
You didn't know any spells.

Dungeon Overview and Level Annotations

Branches:
Dungeon (4/15)
 Temple: D:4-7

Altars:
Ashenzari


Innate Abilities, Weirdness & Mutations

You reflexively headbutt those who attack you in melee.
You have a pair of horns on your head.


Message History

The orc wizard blinks!
The orc wizard hits you but does no damage.
The gnoll hits you but does no damage. The orc wizard casts a spell at you.
The puff of flame hits you!
* * * LOW HITPOINT WARNING * * *
The orc wizard hits you but does no damage.
The gnoll hits you from afar with a spear.
* * * LOW HITPOINT WARNING * * *
The gnoll hits you but does no damage. The orc wizard hits you with a dagger.
* * * LOW HITPOINT WARNING * * *
The gnoll barely misses you.
You climb upwards.
There is a stone staircase leading down here.
You feel very mighty all of a sudden. The gnoll hits you with a club.
* * * LOW HITPOINT WARNING * * *
The orc wizard points at you and mumbles some strange words.
The puff of flame hits you!
You die...

..# #......# ..#
#...)..#
.#######..###
..........#
###.#####.# #..#
#..########### #.##
#.##.........# ##.#
#.##....).o..# ...#
#.##....g@...#
#..#####.##.........#
)...................#
...#####.##.........#
...## #..##.........#
....###.###.........#
###..##.# #.>.......#
# #..##.# ###.#######
####.##.# #.#


You could see an orc wizard and a gnoll.

Vanquished Creatures
  Sigmund (D:2)
  The ghost of shakethe the Cudgeler, an amateur TrFi (D:3)
  An orc priest (D:4)
  An orc wizard (D:4)
  A worker ant (D:4)
  A gnoll (D:4)
  An ooze (D:2)
  A dart slug (D:1)
  An orc (D:3)
  A bat (D:1)
  3 giant cockroaches
  6 goblins
  4 hobgoblins
  3 jackals (D:1)
  7 frilled lizards
  3 kobolds
  5 rats
41 creatures vanquished.

Notes
Turn   | Place    | Note
-------+----------+-------------------------------------------
     0 | D:1      | shakethe the Minotaur Fighter began the quest for the Orb.
     0 | D:1      | Reached XP level 1. HP: 19/19 MP: 0/0
   140 | D:1      | Reached XP level 2. HP: 27/27 MP: 1/1
   241 | D:1      | Reached skill level 3 in Axes
   727 | D:2      | Found a shattered altar of Ashenzari.
   828 | D:2      | Reached XP level 3. HP: 27/34 MP: 2/2
   878 | D:2      | Noticed Sigmund
   883 | D:2      | Killed Sigmund
   883 | D:2      | Reached skill level 5 in Fighting
   883 | D:2      | Reached skill level 5 in Axes
   883 | D:2      | Reached XP level 4. HP: 40/42 MP: 3/3
   883 | D:2      | Reached XP level 5. HP: 45/48 MP: 4/4
  1371 | D:3      | Noticed shakethe's ghost (amateur TrFi)
  1384 | D:3      | Killed shakethe's ghost
  1384 | D:3      | Reached skill level 6 in Axes
  1384 | D:3      | Reached XP level 6. HP: 38/56 MP: 5/5
  1682 | D:4      | Reached skill level 7 in Axes
  1689 | D:3      | Killed from afar by an orc wizard

Skill      XL: |  1  2  3  4  5  6 |
---------------+-------------------+-----
Fighting       | 4 5 |  5.7
Axes           | 3 5 6 7 |  7.1
Armour         | |  3.6
Shields        | |  3.6

Action                   |  1- 3 |  4- 6 || total
-------------------------+-------+-------++-------
Melee: War axe           |    39 |    32 ||    71
       Headbutt          |     5 |     9 ||    14
  Use: Potion            |     1 |     2 ||     3
  Eat: Chunk             |       |     2 ||     2
Armor: Scale mail        |    13 |    13 ||    26
Dodge: Dodged            |    24 |    17 ||    41
